 Dungeon Crawl Stone Soup version 0.15.0-18-g9076a4f (webtiles) character file.

419 MDvedh the Cudgeler (level 6, 0/30 HPs)
             Began as a Vine Stalker Death Knight on Sept 7, 2014.
             Was a Priest of Yredelemnul.
             Slain by Duvessa
             ... wielding a +0 short sword
              (8 damage)
             ... on Level 4 of the Dungeon.
             The game lasted 00:07:46 (2780 turns).

MDvedh the Cudgeler (Vine Stalker Death Knight)     Turns: 2780, Time: 00:07:46

HP   0/30        AC 11     Str 17      XL: 6   Next: 93%
MP   0/10        EV  6     Int 11      God: Yredelemnul [***...]
Gold 229         SH  0     Dex 12      Spells:  0 memorised,  5 levels left

rFire  . . .     SeeInvis .     o - +1 flail
rCold  . . .     Clarity  .     i - +0 chain mail
rNeg   . . .     rCorr    .     (no shield)
rPois  .         rRot     +     (no helmet)
rElec  .         Spirit   +     (no cloak)
SustAb .         Warding  .     n - +1 pair of gloves
rMut   .         Stasis   .     (no boots)
Gourm  .                        j - amulet of rage
MR     .....                    f - +1 ring of protection
                                e - cursed -2 ring of dexterity

@: injury mirror, not resistant to hostile enchantments, extremely unstealthy
A: fangs 2, regeneration 2, magic shield, antimagic bite, no device heal 3, rot
immunity
a: Animate Dead, Recall Undead Slaves, Injury Mirror, Renounce Religion, Evoke
Berserk Rage


You were on level 4 of the Dungeon.
You worshipped Yredelemnul.
Yredelemnul was most pleased with you.
You were not hungry.

You visited 1 branch of the dungeon, and saw 4 of its levels.

You collected 229 gold pieces.

Inventory:

Hand weapons
 o - a +1 flail (weapon)
Armour
 b - a +0 leather armour
 i - a +0 chain mail (worn)
 n - a +1 pair of gloves (worn)
Magical devices
 a - a wand of confusion (0)
Comestibles
 c - 2 bread rations
 p - 4 fruits
Scrolls
 k - 2 scrolls of enchant armour
 l - 3 scrolls of remove curse {unknown}
Jewellery
 e - a cursed -2 ring of dexterity (left hand)
 f - a +1 ring of protection (right hand)
 j - an amulet of rage (around neck)
Potions
 d - a potion of haste {unknown}
 g - a potion of magic {unknown}
 h - 2 potions of cancellation {unknown}
 m - 3 potions of curing
 q - 2 potions of agility {unknown}
 r - a potion of heal wounds {unknown}
 s - a potion of might {unknown}


   Skills:
 - Level 1.7 Fighting
 + Level 6.5 Maces & Flails
 - Level 0.7 Armour
 - Level 0.7 Dodging
 - Level 2.6 Invocations


You had 5 spell levels left.
You didn't know any spells.

Dungeon Overview and Level Annotations

Branches:
Dungeon (4/15)
 Temple: D:4-7

Altars:
Ashenzari
Elyvilon
Fedhas
Nemelex Xobeh
Sif Muna
Vehumet
Zin
The Shining One

Annotations:
D:4 Duvessa


Innate Abilities, Weirdness & Mutations

You have extremely sharp teeth.
You heal very quickly.
When hurt, damage is shared between your health and your magic reserves.
Your bite disrupts and absorbs the magic of your enemies.
Potions and wands cannot restore your health.
You are immune to rotting.


Message History

The giant cockroach bites you but does no damage.
Duvessa hits you but does no damage.
The giant cockroach waves its antennae.
The giant cockroach closely misses you.
You hit Duvessa but do no damage. Your bite misses Duvessa.
Duvessa is severely wounded.
Duvessa barely misses you.
The giant cockroach bites you but does no damage.
Unknown command.
You hit Duvessa.
Duvessa is severely wounded.
Duvessa hits you but does no damage.
The giant cockroach bites you but does no damage.
Duvessa hits you but does no damage.
Unknown command.
You sock Duvessa!
Duvessa is almost dead.
The giant cockroach barely misses you. Duvessa hits you with a short sword!
You die...
Your body rises from the dead as a mindless zombie.

##.# #..#.## #.#
##..#..#
######.#####....#
#...............#
#..####.######..##
#.# #..# .# #.#
##.####..# ######
#####.#######.....#
......
.......s@e...)....#
##....
#####.#######.....#
# .## #.# #.#####
##.# . #e# .#.# ...
.#.# ... ...###.##
..... #....(..##
..### ..........
e..


You could see Duvessa (berserk) and a giant cockroach.

Vanquished Creatures
  Eustachio (D:3)
  An orc priest (D:3)
  Dowan (D:4)
  A jelly (D:3)
  A worker ant (D:3)
  Terence (D:2)
  3 adders
  3 gnolls (D:3)
  2 giant mites
  A worm (D:3)
  An inept item mimic (D:4)
  2 giant geckos
  3 orcs (D:3)
  3 giant cockroaches
  10 hobgoblins
  4 jackals (D:1)
  5 kobolds
  A ball python (D:2)
  8 bats
  2 giant newts
  12 goblins
  A goblin skeleton (D:3)
  8 rats
  2 rat skeletons (D:4)
77 creatures vanquished.

Notes
Turn   | Place    | Note
--------------------------------------------------------------
     0 | D:1      | MDvedh, the Vine Stalker Death Knight, began the quest for the Orb.
     0 | D:1      | Reached XP level 1. HP: 11/11 MP: 1/1
    92 | D:1      | Reached XP level 2. HP: 15/15 MP: 3/3
   397 | D:1      | Reached skill level 3 in Maces & Flails
   397 | D:1      | Reached XP level 3. HP: 18/18 MP: 5/5
   458 | D:1      | Acquired Yredelemnul's second power
   794 | D:2      | Found a glowing golden altar of the Shining One.
   863 | D:2      | Found a sparkling altar of Nemelex Xobeh.
  1071 | D:2      | Found a radiant altar of Vehumet.
  1220 | D:2      | Reached XP level 4. HP: 20/23 MP: 4/6
  1293 | D:2      | Noticed Terence
  1339 | D:2      | Killed Terence
  1339 | D:2      | Reached skill level 4 in Maces & Flails
  1589 | D:3      | Reached XP level 5. HP: 12/26 MP: 9/9
  1877 | D:3      | Reached skill level 5 in Maces & Flails
  1909 | D:3      | Found a blossoming altar of Fedhas.
  1910 | D:3      | Found a white marble altar of Elyvilon.
  2027 | D:3      | Noticed a black bear
  2189 | D:3      | Acquired Yredelemnul's third power
  2403 | D:3      | Gained mutation: You heal very quickly. [vine stalker growth]
  2403 | D:3      | Reached XP level 6. HP: 28/30 MP: 10/10
  2419 | D:4      | Noticed Eustachio
  2523 | D:3      | Killed Eustachio
  2523 | D:3      | Reached skill level 6 in Maces & Flails
  2559 | D:4      | Found a deep blue altar of Sif Muna.
  2627 | D:4      | Found a glowing silver altar of Zin.
  2628 | D:4      | Found a shattered altar of Ashenzari.
  2742 | D:4      | Noticed Dowan
  2755 | D:4      | Killed Dowan
  2765 | D:4      | Noticed Duvessa
  2780 | D:4      | Slain by Duvessa

Action                   |  1- 3 |  4- 6 || total
-------------------------+-------+-------++-------
Melee: Mace              |   109 |    18 ||   127
       Flail             |       |   137 ||   137
Invok: Injury Mirror     |       |     1 ||     1
  Use: Scroll            |       |     4 ||     4
  Eat: Chunk             |       |     3 ||     3
       Bread ration      |       |     1 ||     1
       Fruit             |       |     1 ||     1
